 Dungeon Sprint DCSS version 0.21.1-1-g345015f (webtiles) character file.

54 Fang the Cleaver (level 5, -4/57 HPs)
             Began as a Minotaur Berserker on June 23, 2018.
             Was an Elder of Trog.
             Killed from afar by a kamikaze kobold (18 damage)
             ... with an exploding inner flame
             ... in the Dungeon (Sprint VI: "Thunderdome").
             The game lasted 00:02:09 (405 turns).

Fang the Cleaver (Minotaur Berserker)                Turns: 405, Time: 00:02:09

Health: -4/57      AC:  6    Str: 22    XL:     5   Next: 45%
Magic:  4/4        EV: 13    Int:  4    God:    Trog [****..]
Gold:   280        SH:  0    Dex: 10    Spells: 4/4 levels left

rFire    . . .     SeeInvis .   a - +0 hand axe
rCold    . . .     Gourm    .   (no shield)
rNeg     + . .     Faith    .   o - +3 leather armour {rN+}
rPois    .         Spirit   .   (helmet restricted)
rElec    .         Reflect  .   (no cloak)
rCorr    .         Harm     .   (no gloves)
MR       .....     NoTele   +   (no boots)
Stlth    +.........             (no amulet)
HPRegen  0.19/turn              (no ring)
MPRegen  0.09/turn              (no ring)

@: no status effects
A: retaliatory headbutt, horns 2
a: Berserk, Trog's Hand, Brothers in Arms, Burn Spellbooks, Renounce Religion


You were in the Dungeon.
You worshipped Trog.
Trog was greatly pleased with you.
You were not hungry.

You visited 1 branch You collected 280 gold pieces.

Inventory:

Hand Weapons
 a - a +0 hand axe (weapon)
Armour
 o - a +3 leather armour of positive energy (worn)
Wands
 k - a wand of acid (5)
 l - a wand of iceblast (5)
Scrolls
 i - 4 scrolls of blinking
 m - 3 scrolls of fog
Potions
 d - a potion of curing
 e - 3 potions of heal wounds
 f - 4 potions of haste
 g - 2 potions of magic
 h - a potion of berserk rage
 j - a potion of resistance
 n - a potion of mutation {unknown}
Comestibles
 c - a ration


   Skills:
 + Level 9.0 Fighting
 + Level 9.3 Axes
 + Level 5.1 Armour
 + Level 4.9 Dodging


You had 4 spell levels left.
You didn't know any spells.

Dungeon Overview and Level Annotations

Branches:
Dungeon (1/1)

Altars:
Cheibriados
Dithmenos
Fedhas
Gozag
Kikubaaqudgha
Makhleb
Okawaru
Qazlal
Ru
Sif Muna
Trog
Uskayaw
Vehumet
Wu Jian
Xom
Yredelemnul
Zin
The Shining One
Beogh
Jiyva
Lugonu

Shops:
D *[%??*?*:[((!!!!


Innate Abilities, Weirdness & Mutations

You reflexively headbutt those who attack you in melee.
You have a pair of horns on your head.


Message History

You see here 2 stones.
You hit the kamikaze kobold but do no damage.
The kamikaze kobold closely misses you. You furiously retaliate!
You headbutt the kamikaze kobold!
The kamikaze kobold explodes!
The fiery explosion engulfs you!
* * * LOW HITPOINT WARNING * * *
Trog accepts your kill.
You feel much better.
You are engulfed in blazing flames.
* * * LOW HITPOINT WARNING * * *
You see here a hobgoblin corpse.
You see here a hobgoblin corpse.
The kamikaze kobold closely misses you.
You miss the kamikaze kobold.
Your headbutt misses the kamikaze kobold.
The kamikaze kobold barely misses you.
You barely miss the kamikaze kobold.
The kamikaze kobold explodes!
The fiery explosion engulfs you!
You die...

##.............###.............
###∩........8.# #.8........∩##
##∩___).....###......___∩##
######.8§§.......8.######
#⌠..)§.......⌠# ###§§§......###
#_..†...._# #_§.§...._#
#.§@§...._# #∩.......∩#
##∩.....∩## ##.....## ##⌠⌠⌠##
#####


There were no monsters in sight!

Vanquished Creatures
  Sigmund (D)
  Ijyb (D)
  An orc (D)
  2 giant cockroaches (D)
  2 hobgoblins (D)
  A quokka (D)
  5 kobolds (D)
13 creatures vanquished.

Notes
Turn   | Place    | Note
-------+----------+-------------------------------------------
     0 | D        | Fang the Minotaur Berserker began the quest for the Orb.
     0 | D        | Reached XP level 1. HP: 19/19 MP: 0/0
     3 | D        | Found a bloodstained altar of Trog.
     3 | D        | Found a shimmering altar of Xom.
     4 | D        | Found a shadowy altar of Dithmenos.
     4 | D        | Found a stormy altar of Qazlal.
     5 | D        | Found a burning altar of Makhleb.
     5 | D        | Found an iron altar of Okawaru.
     5 | D        | Round 1.
     6 | D        | Found Eghud's Distillery.
     6 | D        | Found a roughly hewn altar of Beogh.
     6 | D        | Found a glowing silver altar of Zin.
     6 | D        | Found Hiugrugi's Do-It-Yourself Clinic.
     7 | D        | Found Gulirch's Distillery.
     7 | D        | Found Sacathob's Bottled Wisdom.
    25 | D        | Found an ornate altar of the Wu Jian Council.
    29 | D        | Found a glowing golden altar of the Shining One.
    29 | D        | Found a basalt altar of Yredelemnul.
    29 | D        | Found Okyphine's Weapon Rack.
    29 | D        | Found Meungue's Basic Armour.
    30 | D        | Found Meg Ryiv's Miscellaneous Merchandise.
    35 | D        | Found Vuuluwkavva's Premium Goods.
    35 | D        | Found a viscous altar of Jiyva.
    35 | D        | Found a blossoming altar of Fedhas.
    44 | D        | Found a radiant altar of Vehumet.
    48 | D        | Found a deep blue altar of Sif Muna.
    48 | D        | Found a sacrificial altar of Ru.
    48 | D        | Found Zorhiuru's Identification Station.
    48 | D        | Found Zoddy's Advanced Armour.
    49 | D        | Found Tydamot Vifu's Jewellery.
    50 | D        | Found an opulent altar of Gozag.
    50 | D        | Found an ancient bone altar of Kikubaaqudgha.
    50 | D        | Found Elonueg's Delicious Food.
    66 | D        | Found a hide-covered altar of Uskayaw.
    70 | D        | Found a corrupted altar of Lugonu.
    70 | D        | Found a snail-covered altar of Cheibriados.
    70 | D        | Found Tufyaze's Magic Scroll Shop.
    70 | D        | Found Istradil's Magic Scroll Shop.
    71 | D        | Found Ujet's Must-Have Magic.
    76 | D        | Found Buuvejid's Staff Store.
    94 | D        | Noticed Sigmund
   104 | D        | Killed Sigmund
   104 | D        | Reached ** piety under Trog
   104 | D        | Reached XP level 2. HP: 36/36 MP: 1/1
   104 | D        | Reached XP level 3. HP: 41/41 MP: 2/2
   104 | D        | Reached XP level 4. HP: 49/49 MP: 3/3
   104 | D        | Reached XP level 5. HP: 56/56 MP: 4/4
   128 | D        | Arena points: 12 (+12) [x2]
   198 | D        | Round 2.
   204 | D        | Reached *** piety under Trog
   218 | D        | Noticed Ijyb
   227 | D        | Killed Ijyb
   301 | D        | Reached **** piety under Trog
   327 | D        | Arena points: 54 (+42) [x3]
   348 | D        | Round 3.
   364 | D        | Reached skill level 5 in Armour
   394 | D        | HP: 1/57 [kamikaze kobold/exploding inner flame (21)]
   405 | D        | Killed from afar by a kamikaze kobold

Skill      XL: |  1  2  3  4  5 |
---------------+----------------+-----
Fighting       | 8 9 |  9.0
Axes           | 8 9 |  9.3
Armour         | 4 5 |  5.1
Dodging        | 4 |  4.9

Action                   |  1- 3 |  4- 6 || total
-------------------------+-------+-------++-------
Melee: Hand axe          |     6 |    22 ||    28
       Headbutt          |     1 |     3 ||     4
Invok: Berserk           |     1 |       ||     1
  Use: Potion            |       |     1 ||     1
Armor: Animal skin       |       |     4 ||     4
       Leather armour    |       |     2 ||     2
Dodge: Dodged            |     4 |    17 ||    21
